AoeStats
← schmeno

Arena

504147323Analyzed
3v3 RM · 1mo ago on Sep 4, 2026· 29m 35s· 6 players
Game mode
Random Map
Map size
Normal (6 player)
Population
200
Speed
Normal
Resources
Standard
Victory
Conquest
Starting age
Dark Age
Ending age
Imperial Age
RankedLock teamsTeams togetherTeam positionsShared explorationLock speedFull tech treeHidden civsTurbo modeCheats
Victory
Defeat
🇺🇸 Gurjaras · United States
1258
+13
🇺🇸 Cumans · United States
1217
+14
🇺🇸 Magyars · United States
966
+25
🇺🇸 Britons · United States
1245
-20
🇺🇸 Franks · United States
1194
-18
🇺🇸 Hindustanis · United States
1114
-14
Brady Will Pay
10:28 Feudal Age
10:39 Loom
11:22 Double-Bit Axe
13:46 Wheelbarrow
16:48 Castle Age
17:32 Scale Barding Armor
17:57 Bow Saw
18:10 Horse Collar
21:32 Bloodlines
21:36 Forging
22:18 Town Watch
24:00 Iron Casting
23:45 Heavy Plow
24:45 Hand Cart
25:45 Chain Barding Armor
26:05 Gold Mining
29:53 Fletching
r smothers
11:33 Feudal Age
15:27 Castle Age
13:28 Double-Bit Axe
15:11 Horse Collar
16:32 Bow Saw
16:28 Heavy Plow
25:36 Loom
28:34 Fletching
29:29 Wheelbarrow
29:18 Bodkin Arrow
schmeno
10:30 Feudal Age
11:34 Loom
14:53 Castle Age
13:40 Double-Bit Axe
15:51 Bow Saw
19:40 Gold Mining
21:09 Wheelbarrow
20:23 Town Watch
25:07 Hand Cart
Boogensville
9:48 Feudal Age
10:27 Double-Bit Axe
10:50 Horse Collar
14:59 Loom
19:49 Castle Age
18:46 Scale Barding Armor
18:52 Forging
20:28 Bloodlines
20:51 Chain Barding Armor
21:35 Bow Saw
21:27 Heavy Plow
22:35 Gold Mining
24:56 Iron Casting
the fgzb
11:10 Feudal Age
15:12 Castle Age
13:20 Double-Bit Axe
13:16 Horse Collar
16:48 Scale Barding Armor
16:59 Bloodlines
23:41 Loom
24:32 Wheelbarrow
26:13 Chain Barding Armor
28:18 Husbandry
SinginFalcon
9:32 Feudal Age
12:21 Bloodlines
14:15 Horse Collar
16:28 Double-Bit Axe
23:17 Castle Age
23:35 Fletching
23:45 Padded Archer Armor
24:24 Thumb Ring
24:15 Bodkin Arrow
24:48 Gold Mining
25:00 Heavy Plow
25:23 Bow Saw
25:56 Wheelbarrow
26:59 Gold Shaft Mining
29:27 Leather Archer Armor
29:54 Hand Cart
Connection lost

Rejoining the realm…

Still unreachable

The connection could not be restored.

Session expired

The server has moved on; the page needs a fresh start.